[Event "Late-Titled-Tuesday-Blitz-October-17-2023"]
[Site "Chess.com"]
[Date "2023.10.17"]
[Round "1"]
[White "DryCounty"]
[Black "ElenGajger"]
[Result "1/2-1/2"]
[WhiteElo "2637"]
[BlackElo "2348"]
[TimeControl "180+1"]
[EndTime "14:07:27 PDT"]
[Termination "Game drawn by agreement"]

1. e4 c5 2. Nf3 g6 3. c4 Nc6 4. d4 cxd4 5. Nxd4 Bg7 6. Be3 Nf6 7. Nc3 O-O 8. Be2 d6 9. O-O Bd7 10. Qd2 Nxd4 11. Bxd4 Bc6 12. f3 Nd7 13. Be3 a5 14.
b3 Nc5 15. Rab1 Qb6 16. Rfc1 Rfc8 17. Rc2 h5 18. Kh1 Kh7 19. Bg1 Qd8 20. Be3 Qh8 21. Rbc1 Qf8 22. Nd5 Bxd5 23. cxd5 Bh6 24. Rc4 b5 25.
R4c2 b4 26. Bb5 Ra7 27. e5 Rac7 28. Bc6 Bxe3 29. Qxe3 Qh6 30. f4 a4 31. bxa4 h4 32. Bb5 h3 33. Qxh3 Qxh3 34. gxh3 Ra7 35. Bc6 Rb8 36. Rxc5 dxc5 37. Bb5 Rxb5 38. axb5 Rxa2 39.
b6 Ra6 40. Rxc5 Rxb6 41. Rc2 b3 42. Rb2 f6 43. Kg2 fxe5 44. fxe5 Rb5 45. d6 exd6 46.
exd6 Rd5 47. Rxb3 Rxd6 48. h4 Kh6 49. Rb5 Rd2+ 50. Kg3 Rd3+ 51. Kg4 Rd4+ 52. Kg3 1/2-1/2

[Event "Late-Titled-Tuesday-Blitz-October-17-2023"]
[Site "Chess.com"]
[Date "2023.10.17"]
[Round "1"]
[White "gahryman"]
[Black "schachlana"]
[Result "1-0"]
[WhiteElo "2657"]
[BlackElo "2338"]
[TimeControl "180+1"]
[EndTime "14:07:28 PDT"]
[Termination "gahryman won by resignation"]

1. e4 c5 2. Nc3 e6 3. g3 d5 4. Bg2 d4 5. Nce2 e5 6. d3 g6 7. f4 Bg7 8. Nf3 Nc6 9. O-O Nge7 10. fxe5 Nxe5 11. Nxe5 Bxe5 12. Bh6 Bg4 13. Qd2 Ng8 14. Bf4 Bg7 15. e5 Ne7 16. h3 Bxe2 17. Qxe2 O-O 18.
e6 Nd5 19. exf7+ Rxf7 20. Qe6 Nf6 21. Bxb7 Qe8 22. Qc4 Rd8 23. Rae1 Qd7 24. Bg2 Kh8 25. Bg5 Rff8 26. Qxc5 Rc8 27. Qe7 Qxe7 28. Rxe7 Rxc2 29. Rxa7 Rxb2 30. a4 h6 31. Bxf6 Rxf6 32. Rxf6 Bxf6 33. Be4 Bg5 34. a5 Be3+ 35. Kh1 Rb1+ 36. Kg2 Rb2+ 37. Kf1 Rb1+ 38. Ke2 Rb2+ 39. Kd1 Rd2+ 40. Ke1 Rh2 41. a6 Rxh3 42. Ra8+ Kg7 43. a7 1-0

[Event "Late-Titled-Tuesday-Blitz-October-17-2023"]
[Site "Chess.com"]
[Date "2023.10.17"]
[Round "1"]
[White "aNaartjieZA"]
[Black "midedu"]
[Result "1-0"]
[WhiteElo "2523"]
[BlackElo "2022"]
[TimeControl "180+1"]
[EndTime "14:07:28 PDT"]
[Termination "aNaartjieZA won by resignation"]

1. e4 c5 2. Nf3 Nc6 3. g3 g6 4. Bg2 Bg7 5. O-O e6 6. d3 Nge7 7. Nbd2 O-O 8. Re1 d5 9. h4 h6 10. c3 b5 11. e5 a5 12. Nf1 b4 13. Bf4 a4 14. a3 bxc3 15. bxc3 Qa5 16. Qd2 Kh7 17.
N1h2 Rb8 18. Ng4 Ng8 19. h5 Rb3 20. Rec1 Bd7 21. Bf1 Rfb8 22. hxg6+ fxg6 23. Nf6+ Nxf6 24. exf6 Bf8 25. Bxb8 Rxb8 26. Qf4 g5 27. Qe3 Bd6 28. Nxg5+ hxg5 29. Qxg5 Bf8 30. Qh5+ Kg8 31. Qg6+ Kh8 32. Be2 Be8 33. f7 Bxf7 34. Qxf7 Qa7 35. Qxe6 Qe7 36. Qxc6 Qxe2 37. Kg2 Qe5 38. Rh1+ Kg8 39. Qg6+ Bg7 40. Rae1 Qf6 41. Re8+ Rxe8 42. Qxe8+ Qf8 43. Qxf8+ Kxf8 44. c4 dxc4 45. dxc4 Bb2 46. Rb1 Bxa3 47. Ra1 Bb4 48. Rxa4 Ke7 49. Ra6 Kd7 50. f4 Kc7 51. g4 1-0

[Event "Late-Titled-Tuesday-Blitz-October-17-2023"]
[Site "Chess.com"]
[Date "2023.10.17"]
[Round "1"]
[White "Defend1r"]
[Black "AryanTari"]
[Result "0-1"]
[WhiteElo "2493"]
[BlackElo "2941"]
[TimeControl "180+1"]
[EndTime "14:07:31 PDT"]
[Termination "AryanTari won by checkmate"]

1. e4 c6 2. d4 d5 3. e5 Bf5 4.
h4 a6 5. Bd3 Bxd3 6. Qxd3 e6 7.
h5 h6 8. f4 c5 9. Ne2 Nc6 10.
c3 Rc8 11. Nd2 Nge7 12. Nf3 cxd4 13. Nexd4 Nxd4 14. Nxd4 Nc6 15. Be3 Nxd4 16. Bxd4 Bc5 17. O-O Qh4 18. Bxc5 Rxc5 19. f5 Qxh5 20. fxe6 fxe6 21.
Qe3 Rc6 22. Qa7 Kd7 23. Qxb7+ Rc7 24. Qxa6 Qxe5 25. Rf7+ Ke8 26. Rxc7 Qxc7 27. Qxe6+ Qe7 28. Qxd5 Rf8 29. Rd1 Rf6 30. Qg8+ Rf8 31. Qd5 Rf6 32. Qh5+ Kf8 33. Qb5 Kg8 34. Qc4+ Kh8 35. Qd3 Qc5+ 36. Qd4 Qg5 37. Re1 Rg6 38. Re8+ Kh7 39. Qe4 Qc5+ 40.
Kf1 Qb5+ 41. Ke1 Qxb2 42. Re6 Qa1+ 43. Kf2 Qxa2+ 44. Kg1 Qxe6 45. Qd3 Qc6 46. c4 Qxg2# 0-1

[Event "Late-Titled-Tuesday-Blitz-October-17-2023"]
[Site "Chess.com"]
[Date "2023.10.17"]
[Round "1"]
[White "Genghis_K"]
[Black "jlf287"]
[Result "1-0"]
[WhiteElo "2852"]
[BlackElo "2457"]
[TimeControl "180+1"]
[EndTime "14:07:31 PDT"]
[Termination "Genghis_K won on time"]

1. e4 e5 2. Nf3 Nc6 3. Bc4 Nf6 4. d3 Bc5 5. O-O a6 6. a4 d6 7.
c3 Ba7 8. Nbd2 h6 9. Re1 g5 10. Nf1 g4 11. N3d2 h5 12. Ne3 h4 13. g3 Bxe3 14. Rxe3 h3 15. Nf1 Nh7 16. f3 Rg8 17. b4 Qf6 18. Ra2 Bd7 19. Rf2 Qg7 20. Re1 O-O-O 21.
fxg4 Bxg4 22. Qb3 f5 23. Bxg8 Rxg8 24. exf5 Nf6 25. Ne3 d5 26. Nxd5 Nh5 27. f6 Qg6 28. Ne7+ Nxe7 29. fxe7 Be6 30. Rf8+ Kd7 31. e8=Q+ Qxe8 32. Rxe8 Bxb3 33. Rxg8 Bxg8 34. Rxe5 Nf6 35. Rg5 Be6 36.
c4 Ng4 37. Bf4 c6 38. Rg7+ Ke8 39. Rxb7 Bf5 40. Rc7 Bxd3 41. Rxc6 Kd7 42. Rd6+ 1-0

[Event "Late-Titled-Tuesday-Blitz-October-17-2023"]
[Site "Chess.com"]
[Date "2023.10.17"]
[Round "1"]
[White "wanyaland"]
[Black "GMKrikor"]
[Result "0-1"]
[WhiteElo "2445"]
[BlackElo "2839"]
[TimeControl "180+1"]
[EndTime "14:07:31 PDT"]
[Termination "GMKrikor won on time"]

1. d4 Nf6 2. c4 g6 3. Nc3 d5 4. Bf4 Bg7 5. e3 O-O 6. Rc1 Be6 7. c5 c6 8. h3 Bc8 9. Nf3 Nfd7 10. b4 Re8 11.
Be2 e5 12. dxe5 Nxe5 13. O-O Nxf3+ 14. Bxf3 Bf5 15. b5 Nd7 16. a4 Qa5 17. Nxd5 cxd5 18. Bxd5 Rac8 19. e4 Bxh3 20. gxh3 Nxc5 21. Be3 Nxa4 22.
Rxc8 Rxc8 23. Bxf7+ Kh8 24. Qd7 Qc7 25. Rd1 Qxd7 26. Rxd7 b6 27. Rxa7 Nc3 28. Be6 Rf8 29. Bd7 Nxe4 30. Bxb6 Be5 31. Bc6 Nc3 32. Re7 Bf6 33.
Re6 Kg7 34. Rxf6 Rxf6 0-1

[Event "Late-Titled-Tuesday-Blitz-October-17-2023"]
[Site "Chess.com"]
[Date "2023.10.17"]
[Round "1"]
[White "ljm509"]
[Black "Siemba"]
[Result "1-0"]
[WhiteElo "2262"]
[BlackElo "2556"]
[TimeControl "180+1"]
[EndTime "14:07:31 PDT"]
[Termination "ljm509 won by checkmate"]

1. e4 g6 2. h4 h6 3. h5 g5 4. d4 Bg7 5. f4 d5 6. fxg5 dxe4 7. d5 hxg5 8. Nc3 c6 9. Bxg5 cxd5 10. Nxd5 Be6 11. Bc4 Nc6 12. c3 Rc8 13. Bb3 Ne5 14.
Ba4+ Kf8 15. Nf4 Nd3+ 16. Nxd3 exd3 17. Nf3 Rc4 18. Bb3 Re4+ 19. Kf1 Bg4 20. Qd2 Rxh5 21.
Rxh5 Bxh5 22. Re1 Rxe1+ 23. Kxe1 Qd6 24. Kf1 Nf6 25. Bh6 Ne4 26. Bxg7+ Kxg7 27. Qe3 f5 28. Nd4 Ng3+ 29. Kf2 Ne4+ 30. Kg1 Qf6 31. Qxd3 e5 32. Ne6+ Kg6 33. Qd7 Qf7 34. Nf4+ exf4 35. Bxf7+ Kg5 36. Bxh5 Kxh5 37. Qxb7 Kg4 38. Qg7+ Ng5 39. Qxa7 f3 40. gxf3+ Kxf3 41. Qf2+ Ke4 42. Qe2+ Kd5 43. Qd2+ Ke4 44. Qxg5 f4 45. Qg2+ f3 46. Qf2 Kf4 47. c4 Kg4 48. a4 Kh5 49. a5 Kg4 50. a6 Kh3 51. a7 Kg4 52. a8=Q Kg5 53. Qd5+ Kg4 54. Qfxf3+ Kh4 55.
Qdh5# 1-0

[Event "Late-Titled-Tuesday-Blitz-October-17-2023"]
[Site "Chess.com"]
[Date "2023.10.17"]
[Round "1"]
[White "Predator0608"]
[Black "Beca95"]
[Result "0-1"]
[WhiteElo "2488"]
[BlackElo "2916"]
[TimeControl "180+1"]
[EndTime "14:07:32 PDT"]
[Termination "Beca95 won by resignation"]

1. e4 c5 2. Nf3 d6 3. d4 cxd4 4. Nxd4 Nf6 5. Nc3 a6 6. Be3 e5 7. Nf3 Be7 8. Nd2 Be6 9. Nc4 Nbd7 10. Nxd6+ Bxd6 11. Qxd6 Rc8 12. f3 Qa5 13. Be2 Rc6 14. Qd2 O-O 15. O-O Qc7 16. Rad1 Rc8 17. a3 h6 18. Bd3 Nb6 19. Qf2 Nc4 20. Bxc4 Bxc4 21.
Rfe1 b5 22. Rd2 a5 23. Red1 b4 24. axb4 axb4 25. Ne2 Bxe2 26. Qxe2 Rxc2 27. Kf2 Rc4 28. Rd8+ Kh7 29. Rxc8 Qxc8 30. Rd2 Qc6 31. Qd3 Rc1 32. Qd6 Qb5 33. Qd3 Qa4 34. Kg3 Rh1 35. Qd6 Qa1 36.
Qxe5 Qe1+ 37. Rf2 Qxe3 38. Qf5+ Kh8 39. Qc8+ Ng8 40. Qf5 Qg5+ 41. Qxg5 hxg5 42. h3 Rb1 43. Rd2 Nf6 44. e5 Ng8 45. Kg4 f6 46. Kf5 Re1 47.
e6 Re5+ 48. Kg4 Rxe6 49. Rd4 Rb6 50. Kf5 Kh7 51. h4 gxh4 52. Rxh4+ Nh6+ 53. Ke4 Kg6 54. Kd3 b3 55. Kc3 Nf5 56. Rg4+ Kf7 57. Re4 g5 58. Re1 Kg6 59. Re4 Nh4 60. Rg4 f5 61. Rg3 f4 62. Rg4 Nf5 63. Kc4 Ne3+ 0-1

[Event "Late-Titled-Tuesday-Blitz-October-17-2023"]
[Site "Chess.com"]
[Date "2023.10.17"]
[Round "1"]
[White "SchmakAttack"]
[Black "wild3000"]
[Result "1-0"]
[WhiteElo "2741"]
[BlackElo "2413"]
[TimeControl "180+1"]
[EndTime "14:07:32 PDT"]
[Termination "SchmakAttack won by checkmate"]

1. Nf3 b5 2. e3 a6 3. b3 Bb7 4. Bb2 Nf6 5. Be2 e6 6. O-O Be7 7. c4 bxc4 8. bxc4 c5 9. Nc3 O-O 10. d4 cxd4 11. exd4 Bxf3 12. Bxf3 d5 13. cxd5 exd5 14.
Qb3 Nc6 15. Nxd5 Rb8 16. Nxe7+ Nxe7 17. Qc2 Qb6 18. Ba3 Rfc8 19. Bc5 Qc7 20. Qe2 Ng6 21. Qxa6 Nh4 22. Qd3 Qf4 23. Rab1 Ng4 24. Bxg4 Qxg4 25. Qg3 Qe4 26. Rbe1 Qxg2+ 27. Qxg2 Nxg2 28. Kxg2 Ra8 29. a3 h6 30. Re7 Rc6 31. Rfe1 Rg6+ 32. Kf1 Rf6 33. Re8+ Rxe8 34. Rxe8+ Kh7 35. d5 Rf5 36. Rd8 Kg6 37. Bb4 Kf6 38. d6 Ke6 39. Re8+ Kd7 40.
Re7+ Kc8 41. Ke2 g5 42. Ke3 f6 43. f3 h5 44. Bc3 g4 45. fxg4 hxg4 46. Ke4 Rf2 47. d7+ Kd8 48. Ba5+ Kxe7 49. d8=Q+ Kf7 50. Qd7+ Kg6 51. Qxg4+ Kf7 52. Qh5+ Kg7 53. Bc3 Kg8 54. Qg6+ Kf8 55. Bb4# 1-0

[Event "Late-Titled-Tuesday-Blitz-October-17-2023"]
[Site "Chess.com"]
[Date "2023.10.17"]
[Round "1"]
[White "Gentlejimmy7"]
[Black "Hrant_ChessMood"]
[Result "0-1"]
[WhiteElo "2489"]
[BlackElo "2923"]
[TimeControl "180+1"]
[EndTime "14:07:33 PDT"]
[Termination "Hrant_ChessMood won by resignation"]

1. c4 e6 2. g3 d5 3. Nf3 Nf6 4. Bg2 d4 5. O-O Nc6 6. e3 Bc5 7. b4 Bxb4 8. Bb2 Bc5 9. Re1 O-O 10. e4 e5 11. d3 Bg4 12. h3 Bh5 13. Nbd2 Nd7 14. Nb3 Bb4 15. Re2 a5 16. a3 Bd6 17.
a4 Bb4 18. Bc1 Bc3 19. Rb1 Nb4 20. Ba3 b6 21. g4 Bg6 22. Nh2 Re8 23. Nf1 Nf8 24.
Ng3 Ne6 25. Bc1 Nf4 26. Bxf4 exf4 27. Nf5 Nc6 28. e5 Nxe5 29. Bxa8 Qxa8 30. Nfxd4 c5 31. Nf5 h5 32. Re4 hxg4 33. hxg4 Bxf5 34. gxf5 Rd8 35.
Qe2 f3 36. Qe3 Rxd3 37. Qf4 f6 38. Rf1 Qe8 39. Re3 Rxe3 40. Qxe3 Qh5 41. Qf4 Ng4 42.
Rd1 Qh3 43. Qg3 Qxg3+ 44. fxg3 f2+ 45. Kf1 Ne3+ 46. Ke2 Nxd1 0-1

[Event "Late-Titled-Tuesday-Blitz-October-17-2023"]
[Site "Chess.com"]
[Date "2023.10.17"]
[Round "1"]
[White "German_Bazeev"]
[Black "Artem_Koval"]
[Result "1-0"]
[WhiteElo "2794"]
[BlackElo "2429"]
[TimeControl "180+1"]
[EndTime "14:07:33 PDT"]
[Termination "German_Bazeev won on time"]

1. e4 g6 2. d4 Nf6 3. Nc3 d5 4.
e5 Ne4 5. Nce2 f6 6. f3 Ng5 7.
Bxg5 fxg5 8. Qd2 e6 9. Nh3 Be7 10. Nf2 c5 11. dxc5 Bxc5 12. Ng4 Be7 13. Nd4 Nc6 14. O-O-O h5 15. Nf2 Qb6 16. c3 Nxd4 17. cxd4 Bd7 18. Bd3 Rg8 19. Kb1 Bb5 20. Bxb5+ Qxb5 21. Rc1 Kd7 22. Qd3 Qxd3+ 23. Nxd3 Rac8 24. a3 Rc4 25. Rxc4 dxc4 26. Nf2 Kc6 27. Rd1 b5 28. Ne4 Rf8 29.
Nc3 g4 30. d5+ exd5 31. Nxd5 Bc5 32. Nf6 gxf3 33. gxf3 Rf7 34. f4 a5 35. Kc2 b4 36.
axb4 axb4 37. b3 c3 38. Kd3 Ra7 39. Kc4 Ra2 40. Nd5 c2 41. Rc1 Bf2 42. Nxb4+ 1-0

[Event "Late-Titled-Tuesday-Blitz-October-17-2023"]
[Site "Chess.com"]
[Date "2023.10.17"]
[Round "1"]
[White "stasOR4ik"]
[Black "krzyzan94"]
[Result "1-0"]
[WhiteElo "2443"]
[BlackElo "2777"]
[TimeControl "180+1"]
[EndTime "14:07:33 PDT"]
[Termination "stasOR4ik won on time"]

1. c4 e5 2. Nc3 Nf6 3. g3 d5 4. cxd5 Nxd5 5. Bg2 Nb6 6. e3 Nc6 7. Nge2 h5 8. f4 h4 9. b3 Nb4 10. d4 exd4 11. Nxd4 c5 12. Ndb5 Qxd1+ 13. Kxd1 Bg4+ 14. Ke1 O-O-O 15. Kf2 a6 16. Na3 Be7 17. h3 hxg3+ 18. Kxg3 Be6 19. Ne4 Nd3 20. Bd2 f5 21. Ba5 fxe4 22.
Bxb6 Bh4+ 23. Kh2 Rd6 24. Bxe4 Nf2 25. Bxc5 Rd2 26. Bb4 Nxe4+ 27. Bxd2 Nxd2 28. Rac1+ Kb8 29. Rc5 Bd7 30. Rd1 Ne4 31. Re5 Bc6 32. Nc4 Bg3+ 33. Kg1 Rxh3 34. Rd8+ Ka7 35. Rc8 Bf2+ 36. Kg2 Rg3+ 37.
Kf1 Rg1+ 38. Ke2 Re1+ 39. Kf3 Ng5+ 40. Kxf2 Rh1 41. Rxg5 1-0

[Event "Late-Titled-Tuesday-Blitz-October-17-2023"]
[Site "Chess.com"]
[Date "2023.10.17"]
[Round "1"]
[White "elprimo2012mortis"]
[Black "Schwindle"]
[Result "1-0"]
[WhiteElo "2725"]
[BlackElo "2405"]
[TimeControl "180+1"]
[EndTime "14:07:33 PDT"]
[Termination "elprimo2012mortis won by checkmate"]

1. e4 e6 2. d4 d5 3. Nd2 Nf6 4.
e5 Nfd7 5. c3 c5 6. Bd3 Nc6 7. Ngf3 Qb6 8. O-O Be7 9. a3 g5 10. dxc5 Nxc5 11. Bc2 g4 12. Nd4 h5 13. f4 Bd7 14. b4 Nxd4 15. cxd4 Nd3 16. Nb3 Nxc1 17.
Rxc1 O-O-O 18. f5 Kb8 19. f6 Bf8 20. Nc5 Bh6 21. Rb1 Bb5 22. Bd3 h4 23. a4 Bxd3 24. Qxd3 Ka8 25. Rb3 h3 26. g3 Rc8 27. a5 Qd8 28. Rfb1 Qg8 29. Ra1 Bg5 30. b5 Qh7 31. Qe2 Rhg8 32. b6 a6 33. Ra2 Rc6 34. Rc2 Rgc8 35.
Rbc3 Bh6 36. Qxg4 Rxc5 37. dxc5 Bf8 38. Qd4 Qf5 39. c6 bxc6 40. b7+ Kxb7 41. Qb6+ Ka8 42. Qxa6+ Kb8 43. Rb2+ Kc7 44. Qxc6+ Kd8 45. Qxc8# 1-0

[Event "Late-Titled-Tuesday-Blitz-October-17-2023"]
[Site "Chess.com"]
[Date "2023.10.17"]
[Round "1"]
[White "KaydenTroffChess"]
[Black "Soltan49"]
[Result "1-0"]
[WhiteElo "2816"]
[BlackElo "2439"]
[TimeControl "180+1"]
[EndTime "14:07:37 PDT"]
[Termination "KaydenTroffChess won by resignation"]

1. d4 Nf6 2. c4 g6 3. Nc3 Bg7 4.
e4 O-O 5. f4 c5 6. d5 d6 7. Nf3 b5 8. cxb5 a6 9. Qc2 Nbd7 10.
Bd2 Nb6 11. a4 axb5 12. Bxb5 Ba6 13. O-O Nc4 14. Rfe1 Nxd2 15. Qxd2 Bxb5 16. Nxb5 Qb6 17. h3 Rfb8 18. Kh2 Rxa4 19. Rxa4 Qxb5 20. Rea1 h6 21. e5 Nd7 22. e6 fxe6 23. dxe6 Nf8 24. Ra7 Bf6 25. f5 g5 26. R1a2 c4 27. Qe3 Qxf5 28.
Ra8 Rxa8 29. Rxa8 Bxb2 30. g4 Qc2+ 31. Kg3 Bf6 32. Rc8 c3 33. h4 gxh4+ 34. Kh3 Qg6 35. Nxh4 Bxh4 36. Kxh4 c2 37. Qf4 Qg7 38. Qf5 Qg5+ 39.
Qxg5+ hxg5+ 40. Kxg5 Kg7 41. Kf5 Nh7 42. Rxc2 Nf6 43.
Rc7 Nd5 44. Rc8 Ne3+ 45. Kf4 Nd5+ 46. Kg5 Nf6 47. Kf5 Nh7 48. Re8 1-0

[Event "Late-Titled-Tuesday-Blitz-October-17-2023"]
[Site "Chess.com"]
[Date "2023.10.17"]
[Round "1"]
[White "JonasGallasch"]
[Black "GaiozNigalidze"]
[Result "0-1"]
[WhiteElo "2388"]
[BlackElo "2704"]
[TimeControl "180+1"]
[EndTime "14:07:37 PDT"]
[Termination "GaiozNigalidze won by checkmate"]

1. d4 Nf6 2. Nc3 d6 3. e4 g6 4. f4 Bg7 5. Nf3 Bg4 6. Be2 O-O 7. O-O Nbd7 8. e5 Ne8 9. h3 Bxf3 10. Bxf3 c6 11. Be3 Nc7 12. Be4 d5 13. Bd3 e6 14.
Ne2 f5 15. g4 Qe7 16. Ng3 Kh8 17. Kg2 c5 18. c3 b6 19. Rh1 Rac8 20. h4 cxd4 21.
cxd4 Rg8 22. h5 g5 23. fxg5 f4 24. Bxf4 Rcf8 25. Be3 Nxe5 26. dxe5 Bxe5 27. g6 Qd6 28. Qe1 d4 29. Bh6 Nd5 30. Ne4 Qe7 31. Bxf8 Rxf8 32. Qh4 Nf4+ 33. Kg1 Qg7 34. h6 Qxg6 35. Bc2 Ne2+ 36.
Kg2 Nf4+ 37. Kh2 d3 38. Bxd3 Nxd3+ 39. Kg2 Qxe4+ 40. Kg1 Qe3+ 41. Kg2 Nf4+ 42. Kh2 Qe2+ 43. Kg1 Qg2# 0-1

[Event "Late-Titled-Tuesday-Blitz-October-17-2023"]
[Site "Chess.com"]
[Date "2023.10.17"]
[Round "1"]
[White "nicholas_ilic"]
[Black "filipluczak05"]
[Result "0-1"]
[WhiteElo "2324"]
[BlackElo "2627"]
[TimeControl "180+1"]
[EndTime "14:07:37 PDT"]
[Termination "filipluczak05 won by checkmate"]

1. e4 g6 2. Nf3 Bg7 3. Nc3 c5 4. d3 Nc6 5. Be2 d6 6. O-O Bg4 7.
h3 Bxf3 8. Bxf3 e6 9. Be3 Nge7 10.
Be2 O-O 11. f4 a6 12. Bf3 Rc8 13. Qd2 Nd4 14. Bd1 b5 15. Rb1 f5 16. Ne2 Nxe2+ 17.
Bxe2 Qd7 18. c3 d5 19. e5 c4 20. d4 a5 21. Bf2 Nc6 22. g4 b4 23. gxf5 gxf5 24.
Kh2 Kh8 25. Rg1 Rb8 26. Bh4 Rg8 27. Rg2 bxc3 28. Qxc3 Qa7 29. Rbg1 Qxd4 30. Qg3 h6 31. Bh5 Nxe5 32. Rd1 Nd3 33. Rf1 Rxb2 34. Bf7 Rxg2+ 35. Qxg2 Nxf4 36. Qf3 Be5 37. Bxg8 Nd3+ 38. Kh1 Kxg8 39. Rg1+ Kh7 40. Qh5 Qe4+ 41. Rg2 Qxg2+ 42. Kxg2 Nf4+ 43. Kf3 Nxh5 44. Be7 Kg6 45. h4 Bf6 46. Bc5 a4 47. Bb6 d4 48. Ba5 d3 49. Ke3 f4+ 50. Kf2 Kf5 51.
Kf3 e5 52. Kf2 e4 53. Ke1 Bxh4+ 54. Kd2 e3+ 55. Kc3 d2 56. Kc2 Ke4 57. a3 Bg5 58. Bc3 f3 59. Bb2 e2 60. Kb1 d1=Q+ 61. Ka2 Qb3+ 62.
Kb1 e1=Q# 0-1

[Event "Late-Titled-Tuesday-Blitz-October-17-2023"]
[Site "Chess.com"]
[Date "2023.10.17"]
[Round "1"]
[White "nitpicker"]
[Black "NigelDwarf"]
[Result "1-0"]
[WhiteElo "2248"]
[BlackElo "2548"]
[TimeControl "180+1"]
[EndTime "14:07:37 PDT"]
[Termination "nitpicker won on time"]

1. d4 Nf6 2. c4 g6 3. Nc3 Bg7 4. e4 O-O 5. Be2 d6 6. Nf3 e5 7.
O-O Nc6 8. d5 Ne7 9. a4 a5 10. Ne1 Nd7 11. b3 f5 12. f3 Nc5 13.
Nd3 Na6 14. Ba3 Bh6 15. b4 axb4 16. Nxb4 Be3+ 17. Kh1 Nc5 18. Nc2 Bh6 19. Bxc5 dxc5 20. a5 Rf6 21. Nb5 Bf8 22. Ra3 f4 23. Na1 g5 24.
Nb3 h5 25. Nxc5 Ng6 26. Nb3 Bxa3 27. Nxa3 Nh4 28. c5 Rg6 29. Nc4 Qf6 30. Qa1 g4 31.
Qxe5 gxf3 32. Bxf3 Qa6 33. Qe8+ Kg7 34. Be2 Bg4 35.
Qe7+ Kg8 36. Bd3 f3 37. g3 Bh3 38. Rf2 Ng2 39. Ne5 Nf4 40. Bxa6 Bg2+ 41. Rxg2 fxg2+ 42. Kg1 Nh3+ 43. Kxg2 1-0

[Event "Late-Titled-Tuesday-Blitz-October-17-2023"]
[Site "Chess.com"]
[Date "2023.10.17"]
[Round "1"]
[White "subham777"]
[Black "lluiss"]
[Result "1-0"]
[WhiteElo "2540"]
[BlackElo "2163"]
[TimeControl "180+1"]
[EndTime "14:07:38 PDT"]
[Termination "subham777 won on time"]

1. e4 c5 2. Nf3 d6 3. d4 cxd4 4. Qxd4 Nc6 5. Bb5 Bd7 6. Bxc6 Bxc6 7. c4 f5 8. Nc3 fxe4 9. Nxe4 Qa5+ 10. Bd2 Qf5 11. Ng3 Qf6 12. Qd3 h6 13. O-O-O O-O-O 14. Rhe1 Qf7 15. Nd4 Bd7 16. Qa3 Kb8 17. b3 e5 18.
Nb5 Bxb5 19. cxb5 Nf6 20. Be3 b6 21. Kb1 d5 22. Qb2 d4 23. Bd2 Ng4 24. f3 Nf2 25. Ne4 Nxd1 26. Rxd1 Bd6 27. Rc1 Qe7 28. Rc4 Rc8 29.
Qc2 Rxc4 30. Qxc4 Rd8 31. a4 Bc7 32. Qd3 Qe6 33. Kb2 Rc8 34. Bb4 Kb7 35. a5 Qd5 36. a6+ Kb8 37. Nd2 Re8 38. Ka2 Bd6 39. Qg6 Re6 40.
Bxd6+ Qxd6 41. Qxg7 Re7 42. Qh8+ Kc7 43. Nc4 Qc5 44. Qa8 Kd7 45. Qxa7+ Ke6 46. Qxb6+ Qxb6 47. Nxb6 Kd6 48. Nc4+ Kc5 49. b6 1-0

[Event "Late-Titled-Tuesday-Blitz-October-17-2023"]
[Site "Chess.com"]
[Date "2023.10.17"]
[Round "1"]
[White "venturov"]
[Black "sergiochess83"]
[Result "0-1"]
[WhiteElo "2460"]
[BlackElo "2861"]
[TimeControl "180+1"]
[EndTime "14:07:39 PDT"]
[Termination "sergiochess83 won by resignation"]

1. e4 c5 2. Nf3 Nc6 3. d4 cxd4 4. Nxd4 Nf6 5. Nc3 e6 6. Ndb5 d6 7. Bf4 e5 8. Bg5 a6 9. Bxf6 gxf6 10. Na3 f5 11. exf5 Bxf5 12. Bd3 Be6 13. Bc4 Qg5 14. Bd5 O-O-O 15. Qf3 Nd4 16. Qg3 Qxg3 17. hxg3 b5 18. b4 Kd7 19. Kd2 h5 20. Rad1 Rc8 21. Nab1 Bxd5 22.
Nxd5 Rxc2+ 23. Kd3 Rxf2 24. Nbc3 f5 25. Rdf1 Rxf1 26.
Rxf1 Bg7 27. a4 bxa4 28. Nxa4 h4 29. Rc1 e4+ 30. Ke3 Bh6+ 31. Kxd4 Bxc1 32. Nab6+ Ke6 33. Nc7+ Kf7 34. Kd5 hxg3 35. Kxd6 Rh2 36. Nbd5 Rxg2 37. Ne6 Rd2 38. Ng5+ Kg6 39. Nh3 Rxd5+ 40. Kxd5 g2 41. Ng1 Be3 42. Ne2 g1=Q 43. Nxg1 Bxg1 44. b5 axb5 45.
Ke5 e3 46. Kf4 e2 47. Kf3 e1=Q 0-1

[Event "Late-Titled-Tuesday-Blitz-October-17-2023"]
[Site "Chess.com"]
[Date "2023.10.17"]
[Round "1"]
[White "Eliteplayer3"]
[Black "Joshukid"]
[Result "0-1"]
[WhiteElo "2218"]
[BlackElo "2559"]
[TimeControl "180+1"]
[EndTime "14:07:39 PDT"]
[Termination "Joshukid won by resignation"]

1. e4 c6 2. c4 d5 3. cxd5 cxd5 4. exd5 Nf6 5. Nc3 g6 6. Nf3 Bg7 7. Bc4 O-O 8. O-O Nbd7 9. d3 a6 10. a4 b6 11. Re1 Bb7 12. Qb3 Nc5 13. Qc2 Nxd5 14. Nxd5 Bxd5 15. Bxd5 Qxd5 16. d4 Nb3 17. Ra3 Nxd4 18. Nxd4 Qxd4 19. Be3 Qxb2 20. Qxb2 Bxb2 21. Rb3 Bf6 22. Bxb6 Rfb8 23. a5 Rb7 24. Rd3 Rc8 25. Red1 Kg7 26. Rd8 Rxd8 27. Rxd8 e6 28. Ra8 Bc3 29. g3 Rd7 30. Rxa6 Bd4 31. Bxd4+ Rxd4 32. Ra7 Ra4 33. a6 h5 34. h4 Kf6 35. Kg2 e5 36. Kf3 Ke6 37. Ke3 f6 38. Rg7 Kf5 39. a7 g5 40. hxg5 fxg5 41. Rh7 Kg4 42. f3+ Kxg3 43. Rxh5 g4 44. fxg4 Kxg4 45. Rxe5 Rxa7 46. Ke4 Ra4+ 47. Kd5 Kf4 48. Ke6 Ra6+ 49. Kd5 Ra5+ 0-1

[Event "Late-Titled-Tuesday-Blitz-October-17-2023"]
[Site "Chess.com"]
[Date "2023.10.17"]
[Round "1"]
[White "tptagain"]
[Black "DvaHrasta"]
[Result "1-0"]
[WhiteElo "2903"]
[BlackElo "2483"]
[TimeControl "180+1"]
[EndTime "14:07:40 PDT"]
[Termination "tptagain won on time"]

1. d4 Nf6 2. Nf3 e6 3. Bg5 c5 4. d5 Qb6 5. Bxf6 gxf6 6. e4 Qxb2 7. Nbd2 f5 8. Bd3 fxe4 9. Bxe4 Na6 10. O-O Nb4 11. dxe6 dxe6 12. Nc4 Qf6 13. Nfe5 Be7 14.
f4 Nd5 15. Qf3 O-O 16. Qh5 Qg7 17. Rf3 Nf6 18. Bxh7+ Qxh7 19. Qg5+ Qg7 20. Qh4 Nd5 21. Qf2 f6 22. Rg3 fxe5 23. Rxg7+ Kxg7 24. Qg3+ Kh8 25. Nxe5 Rf6 26. Qh4+ Kg7 27. Qg5+ Kf8 28. Qh5 Kg7 29.
Rf1 Ne3 30. Rf3 Nf5 31. Qg5+ Kf8 32. Ng6+ Ke8 33. Nxe7 Kxe7 34. Rh3 Nd6 35. Rh6 Ne8 36. Rxf6 Nxf6 37. Qg7+ Kd6 38. Qxf6 Bd7 39. Qe5+ Kc6 40. h4 Rg8 41. h5 Rg4 42. h6 Rh4 43. Qg5 1-0

[Event "Late-Titled-Tuesday-Blitz-October-17-2023"]
[Site "Chess.com"]
[Date "2023.10.17"]
[Round "1"]
[White "Cristi_Coca"]
[Black "Dacean99"]
[Result "1-0"]
[WhiteElo "2347"]
[BlackElo "2618"]
[TimeControl "180+1"]
[EndTime "14:07:41 PDT"]
[Termination "Cristi_Coca won by checkmate"]

1. e4 d6 2. d4 Nf6 3. Nc3 g6 4.
h4 h5 5. Be3 Bg7 6. f3 Nc6 7.
Qd2 e5 8. d5 Nd4 9. Bxd4 exd4 10. Qxd4 O-O 11. Qd2 a6 12. Nh3 b5 13. Ng5 b4 14. Ne2 Bd7 15. Nd4 Qb8 16. Be2 Qb6 17.
Rd1 Rfe8 18. Kf1 a5 19. Rg1 Bh6 20. Qd3 Re7 21. g3 Rae8 22. Kg2 a4 23. Kh2 Bc8 24. Rg2 a3 25. bxa3 bxa3 26. Qxa3 Bg7 27. Nc6 Rd7 28. Qb3 Qc5 29. Qb4 Qxc2 30. Nd4 Qxa2 31. Bb5 Qa7 32. Bxd7 Bxd7 33. Nc6 Qe3 34. Qd4 Qb3 35. Qd3 Qa4 36.
Rdd2 Ra8 37. e5 dxe5 38. Nxe5 Be8 39. d6 cxd6 40. Qxd6 Qa5 41. Qe7 Ra7 42. Qd8 Qxe5 43. Rge2 Qb5 44. Rb2 Qa4 45. Ra2 Qxa2 46. Rxa2 Rxa2+ 47. Kg1 Ra1+ 48. Kf2 Ra2+ 49. Kg1 Ra7 50. Ne4 Ra1+ 51.
Kg2 Ra2+ 52. Kh3 Kf8 53. Nxf6 Bxf6 54. Qxf6 Bd7+ 55. g4 hxg4+ 56. fxg4 Ra3+ 57. Kg2 Ra2+ 58. Kf3 Ra3+ 59. Kf4 Ra4+ 60. Kg5 Rxg4+ 61. Kh6 Be6 62. Qd8# 1-0